 Dungeon Crawl Stone Soup version 0.31-a0-1002-g8e65716e6e (webtiles) character file.

Game seed: 4868739375672912882

4041 IndexError the Fighter (level 10, 0/72 (81) HPs)
             Began as a Djinni Conjurer on Nov 9, 2023.
             Was a Follower of Makhleb.
             Killed from afar by Nergalle (33 damage)
             ... with a bolt of negative energy
             ... on level 10 of the Dungeon.
             The game lasted 00:18:58 (9896 turns).

IndexError the Fighter (Djinni Conjurer)            Turns: 9896, Time: 00:18:58

HP:   0/72 (81)     AC:  8    Str:  6    XL:     10   Next: 48%
Gold: 389           EV: 16    Int: 24    God:    Makhleb [*.....] SH:  0 Dex: 15

rFire   + + .        b - +10 war axe "Pyreqis" {freeze, rPois rF+ Dex+3}
rCold   . . .        (no shield)
rNeg    . . .        j - +0 troll leather armour {regen}
rPois   ∞            g - +1 helmet
rElec   .            (no cloak)
rCorr   .            r - +2 pair of gloves
SInv    .            (boots unavailable)
Will    +....        (no amulet)
Stlth   ++           y - ring of ice {rC+, rF-}
HPRegen 1.12/turn    c - +5 ring of evasion
MPRegen 0.00/turn

%: infuse magic (-1 HP)
@: flying, heavily drained
A: sickness immunity, fire resistance 2, cold vulnerability 1, float, innate
caster, HP casting, extra vitality 1
a: Renounce Religion


You were on level 10 of the Dungeon.
You worshipped Makhleb.
Makhleb was aware of your devotion.
You visited 2 branches of the dungeon, and saw 12 of its levels.

You collected 731 gold pieces.
You spent 342 gold pieces at shops.

Inventory:

Hand Weapons
 b - the +10 war axe "Pyreqis" (weapon) {freeze, rPois rF+ Dex+3}
   (You found it on level 11 of the Dungeon)

   Dex+3:     It affects your dexterity (+3).
   rF+:       It protects you from fire.
   rPois:     It protects you from poison
 E - a +0 whip of electrocution
   (You took it off Pikel on level 8 of the Dungeon)
Missiles
 h - 46 poisoned darts
 B - 5 javelins
Armour
 g - a +1 helmet (worn)
   (You found it on level 2 of the Dungeon)
 j - a +0 troll leather armour (worn) {regen}
   (You found it on level 10 of the Dungeon)
 r - a +2 pair of gloves (worn)
   (You found it on level 4 of the Dungeon)
 I - a +2 robe of cold resistance
   (You bought it in a shop on level 8 of the Dungeon)
Magical Staves
 k - a staff of poison {rPois}
   (You found it on level 3 of the Dungeon)
Jewellery
 c - a +5 ring of evasion (right hand)
   (You found it on level 11 of the Dungeon)
 v - a ring of fire {rF+, rC-}
   (You found it on level 6 of the Dungeon)
 y - a ring of ice (left hand) {rC+, rF-}
   (You found it on level 6 of the Dungeon)
Wands
 a - a wand of paralysis (4)
   (You found it on level 9 of the Dungeon)
 u - a wand of roots (15)
   (You found it on level 5 of the Dungeon)
 x - a wand of flame (15)
   (You found it on level 6 of the Dungeon)
Scrolls
 d - a scroll of poison
 f - 2 scrolls of fear
 i - 3 scrolls of teleportation
 A - 3 scrolls of immolation {!r}
Potions
 e - 3 potions of brilliance {unknown}
 l - 3 potions of degeneration {unknown}
 m - 6 potions of haste {unknown}
 n - a potion of ambrosia {unknown}
 o - 2 potions of resistance {unknown}
 p - 3 potions of curing {unknown}
 q - a potion of magic {unknown}
 s - 9 potions of heal wounds {unknown}
 t - 3 potions of enlightenment {unknown}
 w - a potion of lignification {unknown}
 F - a potion of might {unknown}
 G - a potion of invisibility {unknown}


   Skills:
 - Level 10.4 Fighting
 - Level 2.1 Dodging
 - Level 1.5 Stealth
 + Level 6.2 Spellcasting
 + Level 6.2 Conjurations
 + Level 6.2 Hexes
 + Level 6.2 Summonings
 + Level 6.2 Necromancy
 + Level 6.2 Translocations
 + Level 6.2 Transmutations
 + Level 6.2 Fire Magic
 + Level 6.2 Ice Magic
 + Level 6.2 Air Magic
 + Level 6.2 Earth Magic
 + Level 6.2 Poison Magic
 * Level 5.0 Invocations
 * Level 5.0 Evocations


You knew the following spells:

 Your Spells              Type           Power      Damage    Failure   Level
a - Magic Dart            Conj           100%       1d8       1%          1
b - Searing Ray           Conj           74%        2d7       1%          2
c - Dazzling Flash        Conj/Hex       74%        N/A       2%          3
d - Fulminant Prism       Conj/Hex       18%        3d11      10%         4
e - Sting                 Tmut/Pois      100%       1d8       1%          1
f - Lesser Beckoning      Tloc           74%        N/A       1%          2
g - Anguish               Hex/Necr       18%        N/A       10%         4
w - Passwall              Tmut/Erth      30%        N/A       1%          2
x - Iskenderun's Mystic   Conj/Tloc      37%        2d9       10%         4
Your spell library was empty.

Dungeon Overview and Level Annotations

Branches:
Dungeon (11/15)            Temple (1/1) D:4
   Lair: D:8-11         Orc: D:9-12

Altars:
Ashenzari
Cheibriados
Dithmenos
Elyvilon
Fedhas
Gozag
Hepliaklqana
Makhleb
Nemelex Xobeh
Okawaru
Qazlal
Ru
Trog
Uskayaw
Wu Jian
Xom
Yredelemnul
Zin
The Shining One

Shops:
D:8 [   D:9 *

Annotations:
D:10 Nergalle
D:11 exclusion: komodo dragon


Innate Abilities, Weirdness & Mutations

You are immune to sickness and miasma.
You are immune to poison.
Your flesh is very heat resistant. (rF++)
You are vulnerable to cold. (rC-)
You float through the air rather than walking.
You learn spells naturally, not from books.
Your magical power is your life essence.
You have superior vitality. (+4 MHP)


Message History

(Press . to maintain the ray.)
You take 2 damage, and have 79/81 hp.
The searing ray hits the troll!
You take 1 damage, and have 78/81 hp.
The searing ray hits the troll!
The searing ray hits the troll!
You finish channelling your searing ray.
The troll barely misses you. The troll claws you but does no damage.
The troll barely misses you.
You take 1 damage, and have 77/81 hp.
You closely miss the troll. The troll bites you but does no damage.
The troll completely misses you. The troll closely misses you.
You slash the troll! You freeze the troll. Makhleb accepts your kill.
The troll leather armour is intact enough to wear.
No target in view!
Things that are here:
a +0 troll leather armour {regen}; a troll corpse
j - a +0 troll leather armour {regen} You start removing your armour.
You continue taking off your +2 robe of cold resistance. x4
You finish taking off your +2 robe of cold resistance.
You feel less resistant to cold.
You start putting on your armour.
You continue putting on your +0 troll leather armour {regen}.
HP restored.
You continue putting on your +0 troll leather armour {regen}. x4
You finish putting on your +0 troll leather armour {regen}.
The armour throbs as it attunes itself to your uninjured body.
Health restored: 81 You see here 9 stones.
h - 46 poisoned darts (gained 6)
f - 2 scrolls of fear (gained 1)
s - 9 amethyst potions (gained 1)
A hornet comes into view.
Found a mace.
Found a stone staircase leading down.
Casting: Searing Ray (safe; 1% risk of failure)
Confirm with . or Enter, or press ? or * to list all spells.
Aiming: Searing Ray (safe; 1% risk of failure)
Press: ? - help, Shift-Dir - straight line, f - hornet
Aim: a hornet (asleep, 100% to hit)
The searing ray hits the hornet.
The hornet buzzes angrily. (Press . to maintain the ray.)
The searing ray misses the hornet.
The searing ray misses the hornet.
The hornet barely misses you. The hornet closely misses you.
The searing ray hits the hornet but does no damage.
You finish channelling your searing ray.
The hornet closely misses you.
You hit the hornet. You freeze the hornet. The hornet closely misses you.
The hornet stings you! x2
You take 20 damage, and have 61/81 hp.
MASSIVE DAMAGE!!
You closely miss the hornet. The hornet stings you.
Nergalle the Soulbinder comes into view.
She is wielding a +0 dagger.
The hornet closely misses you.
You slash the hornet! You freeze the hornet. The hornet barely misses you.
The hornet stings you!
You take 5 damage, and have 56/81 hp.
Casting: Searing Ray (safe; 1% risk of failure)
Confirm with . or Enter, or press ? or * to list all spells.
Aiming: Searing Ray (safe; 1% risk of failure)
Press: ? - help, Shift-Dir - straight line, f/p - hornet
Aim: a hornet (heavily wounded, 71% to hit)
The searing ray hits the hornet.
The searing ray hits Nergalle! (Press . to maintain the ray.)
The hornet stings you but does no damage.
The hornet misses you.
You take 1 damage, and have 55/81 hp.
The searing ray hits the hornet!
The searing ray hits Nergalle but does no damage.
The hornet closely misses you.
Casting: Searing Ray (safe; 1% risk of failure)
Confirm with . or Enter, or press ? or * to list all spells.
Aiming: Fulminant Prism (dangerous; 10% risk of failure)
Press: ? - help, Dir - move target, p - hornet You conjure a prism of explosive energy!
A fulminant prism comes into view.
The hornet closely misses you. The hornet misses you.
You take 3 damage, and have 52/81 hp.
Casting: Fulminant Prism (dangerous; 10% risk of failure)
Confirm with . or Enter, or press ? or * to list all spells.
Okay, then.
You slash the hornet! You freeze the hornet. Makhleb accepts your kill.
Your fulminant prism crackles loudly.
Nergalle hits you but does no damage.
Your Invocations skill increases to level 5!
Your Evocations skill increases to level 5!
You regained 2 hp, and now have 54/81 hp.
You slash Nergalle! You freeze Nergalle.
The blast of energy engulfs Nergalle.
Nergalle casts a spell at you. The bolt of negative energy hits you!!
You feel drained.
You hear an angry buzzing noise.
You hear a shout!
You hear an angry buzzing noise.
You hear a shout!
You take 22 damage, and have 32/77 hp.
MASSIVE DAMAGE!!
You slash Nergalle! You freeze Nergalle. Nergalle misses you.
Nergalle casts a spell at you. The bolt of negative energy hits you!!
You feel drained.
You die...

#..#...######
#...........#
#####.#...####.#
#.....##.##
#.######.# #.#
#.# #.# #.#
.#.#####.######.#
..)>..o@.....#..
##.#####.###.#
#.# #.# #.# ...
... ..


You could see Nergalle.

Vanquished Creatures
  Pikel (D:8)
  A hornet (D:10)
  A troll (D:10)
  Grinder (D:4)
  Sigmund (D:4)
  A yak (D:11)
  A steam dragon (D:7)
  Edmund (D:4)
  2 water moccasins
  3 black bears
  2 ice beasts
  An ogre (D:5)
  2 centaurs
  2 phantoms
  3 lemures (D:8)
  5 kobold brigands
  A bullfrog (D:8)
  A scorpion (D:6)
  5 wights (D:8)
  2 howler monkeys (D:11)
  3 jellies
  2 orc priests
  Natasha (thrice) (D:2)
  An orc wizard (D:5)
  3 iguanas (D:5)
  8 adders
  5 white imps
  2 worms
  3 dart slugs
  24 orcs
  8 ball pythons
  6 bats
  6 endoplasms
  4 giant cockroaches
  7 goblins
  6 hobgoblins
  4 jackals
  5 quokkas
  6 frilled lizards
  26 kobolds
  6 rats
175 creatures vanquished.

Vanquished Creatures (others)
  5 fulminant prisms
5 creatures vanquished.

Grand Total: 180 creatures vanquished

Notes
Turn   | Place    | Note
-------+----------+-------------------------------------------
     0 | D:1      | IndexError the Djinni Conjurer began the quest for the Orb.
     0 | D:1      | IndexError set off with the following spells memorised:
                  | Magic Dart, Searing Ray, Dazzling Flash, Fulminant Prism,
                  | Iskenderun's Mystic Blast.
     0 | D:1      | Reached XP level 1. HP: 15/15 MP: 0/0
   167 | D:1      | Reached skill level 1 in Fighting
   167 | D:1      | Reached XP level 2. HP: 21/22 MP: 0/0
   468 | D:1      | Reached XP level 3. HP: 26/28 MP: 0/0
   468 | D:1      | Learned a level 1 spell: Sting
   526 | D:1      | Reached skill level 2 in Fighting
  1089 | D:2      | Reached XP level 4. HP: 29/34 MP: 0/0
  1477 | D:2      | Noticed Natasha
  1482 | D:2      | Killed Natasha
  1483 | D:2      | Reached skill level 3 in Fighting
  1815 | D:2      | Noticed Natasha
  1823 | D:2      | Killed Natasha
  1824 | D:2      | Reached XP level 5. HP: 26/41 MP: 0/0
  1824 | D:2      | Learned a level 2 spell: Passwall
  1957 | D:2      | Noticed Natasha
  1965 | D:2      | Killed Natasha
  2052 | D:3      | Reached skill level 4 in Fighting
  2538 | D:3      | Found a faded altar of an unknown god.
  2562 | D:3      | Noticed a phantom
  2569 | D:3      | Killed a phantom
  2570 | D:3      | Reached skill level 4 in Spellcasting
  2570 | D:3      | Reached skill level 4 in Conjurations
  2570 | D:3      | Reached skill level 4 in Hexes
  2570 | D:3      | Reached skill level 4 in Summonings
  2570 | D:3      | Reached skill level 4 in Necromancy
  2570 | D:3      | Reached skill level 4 in Translocations
  2570 | D:3      | Reached skill level 4 in Transmutations
  2570 | D:3      | Reached skill level 4 in Fire Magic
  2570 | D:3      | Reached skill level 4 in Ice Magic
  2570 | D:3      | Reached skill level 4 in Air Magic
  2570 | D:3      | Reached skill level 4 in Earth Magic
  2570 | D:3      | Reached skill level 4 in Poison Magic
  2570 | D:3      | Reached XP level 6. HP: 41/48 MP: 0/0
  2992 | D:4      | Noticed Grinder
  3003 | D:4      | Paralysed by Grinder for 4 turns
  3012 | D:4      | Killed Grinder
  3013 | D:4      | Reached skill level 5 in Fighting
  3013 | D:4      | Reached XP level 7. HP: 44/55 MP: 0/0
  3013 | D:4      | Learned a level 2 spell: Lesser Beckoning
  3298 | D:4      | Noticed Edmund
  3319 | D:4      | Killed Edmund
  3320 | D:4      | Reached skill level 6 in Fighting
  3423 | D:4      | Noticed Sigmund
  3445 | D:4      | Killed Sigmund
  3446 | D:4      | Reached XP level 8. HP: 30/62 MP: 0/0
  3634 | D:4      | Reached skill level 7 in Fighting
  3732 | D:4      | Found a staircase to the Ecumenical Temple.
  3741 | Temple   | Entered the Ecumenical Temple
  4160 | D:4      | Found a shadowy altar of Dithmenos.
  4372 | D:5      | Entered Level 5 of the Dungeon
  4892 | D:5      | Found a burning altar of Makhleb.
  4892 | D:5      | Found a bloodstained altar of Trog.
  4895 | D:5      | Became a worshipper of Makhleb the Destroyer
  5049 | D:5      | HP: 11/65 [acid (10)]
  5051 | D:5      | Reached skill level 8 in Fighting
  5051 | D:5      | Reached skill level 5 in Spellcasting
  5051 | D:5      | Reached skill level 5 in Conjurations
  5051 | D:5      | Reached skill level 5 in Hexes
  5051 | D:5      | Reached skill level 5 in Summonings
  5051 | D:5      | Reached skill level 5 in Necromancy
  5051 | D:5      | Reached skill level 5 in Translocations
  5051 | D:5      | Reached skill level 5 in Transmutations
  5051 | D:5      | Reached skill level 5 in Fire Magic
  5051 | D:5      | Reached skill level 5 in Ice Magic
  5051 | D:5      | Reached skill level 5 in Air Magic
  5051 | D:5      | Reached skill level 5 in Earth Magic
  5051 | D:5      | Reached skill level 5 in Poison Magic
  5495 | D:5      | Found a glowing golden altar of the Shining One.
  5805 | D:6      | Found a basalt altar of Yredelemnul.
  5855 | D:6      | Found a shimmering altar of Xom.
  6182 | D:6      | Reached skill level 9 in Fighting
  6182 | D:6      | Reached XP level 9. HP: 67/72 MP: 0/0
  6182 | D:6      | Learned a level 4 spell: Anguish
  7006 | D:7      | Found an iron altar of Okawaru.
  7092 | D:7      | Reached skill level 10 in Fighting
  8293 | D:8      | Reached * piety under Makhleb
  8296 | D:8      | Reached skill level 1 in Invocations
  8296 | D:8      | Reached skill level 1 in Evocations
  8407 | D:8      | Reached skill level 2 in Invocations
  8407 | D:8      | Reached skill level 2 in Evocations
  8594 | D:8      | Noticed Pikel
  8598 | D:8      | Reached XP level 10. HP: 78/81 MP: 0/0
  8621 | D:8      | Killed Pikel
  8622 | D:8      | Reached skill level 6 in Spellcasting
  8622 | D:8      | Reached skill level 6 in Conjurations
  8622 | D:8      | Reached skill level 6 in Hexes
  8622 | D:8      | Reached skill level 6 in Summonings
  8622 | D:8      | Reached skill level 6 in Necromancy
  8622 | D:8      | Reached skill level 6 in Translocations
  8622 | D:8      | Reached skill level 6 in Transmutations
  8622 | D:8      | Reached skill level 6 in Fire Magic
  8622 | D:8      | Reached skill level 6 in Ice Magic
  8622 | D:8      | Reached skill level 6 in Air Magic
  8622 | D:8      | Reached skill level 6 in Earth Magic
  8622 | D:8      | Reached skill level 6 in Poison Magic
  8622 | D:8      | Reached skill level 3 in Invocations
  8622 | D:8      | Reached skill level 3 in Evocations
  8720 | D:8      | Reached skill level 4 in Invocations
  8720 | D:8      | Reached skill level 4 in Evocations
  8903 | D:8      | Found Ritangad's Antique Armour Emporium.
  9219 | D:8      | Bought a spiked leather armour for 224 gold pieces
  9219 | D:8      | Identified the +2 leather armour of the Blessed Realm {Harm
                  | Str+3 Dex+2} (You bought it in a shop on level 8 of the
                  | Dungeon)
  9219 | D:8      | Bought a glowing robe for 118 gold pieces
  9308 | D:9      | Found Nir Zatt's Assorted Antiques.
  9461 | D:9      | You are sucked into a shaft and drop 2 floors!
  9704 | D:11     | Noticed a komodo dragon
  9733 | D:11     | Identified the +10 war axe "Pyreqis" {freeze, rPois rF+
                  | Dex+3}
  9804 | D:11     | Noticed a +0 hand axe
  9806 | D:11     | Noticed a +0 dagger
  9820 | D:10     | Entered Level 10 of the Dungeon
  9889 | D:10     | Noticed Nergalle
  9895 | D:10     | Reached skill level 5 in Invocations
  9895 | D:10     | Reached skill level 5 in Evocations
  9896 | D:10     | Killed from afar by Nergalle

Illustrated notes

Levels and vault maps discovered:
D:1:      dpeg_arrival_shrine, layout_rooms
D:2:      layout_basic, dk_noncrumbling_4, minmay_between, uniq_natasha
D:3:      layout_loops_cross, basic_ecumenical_altar, minmay_misc_feat_plants,
          minivault_5, minmay_increasing_density
D:4:      layout_basic, overflow_temple_1_default,
          minmay_temple_entry_water_ring, uniq_grinder, uniq_edmund,
          uniq_sigmund
D:5:      layout_basic, mainiacjoe_overflow_swirl,
          gammafunk_temple_overflow_elements
D:6:      layout_basic, mainiacjoe_overflow_tiny_flanked,
          mainiacjoe_overflow_alcove_1
D:7:      layout_basic, mainiacjoe_overflow_boulevard
D:8:      layout_loops_ring, serial_shops, nicolae_shop_overgrown_old_shop,
          uniq_pikel
D:9:      layout_stronghold, lair_entry_dummy, serial_shops, nicolae_shop_trees,
          lightli_minifort, uniq_gastronok
D:10:     layout_loops_ring, david_orc_3, uniq_nergalle, uniq_urug
D:11:     layout_roguey, grunt_ministairs_13, serial_park_tiny_1,
          dreamdust_wishing_well, dancing_weapons_uskayaw
Temple:   zaba_magenta_temple

Skill      XL: |  1  2  3  4  5  6  7  8  9 10 |
---------------+-------------------------------+-----
Fighting       | 1 2 3 4 5 6 9 10 | 10.4
Spellcasting   | 4 5 6 |  6.2
Conjurations   | 4 5 6 |  6.2
Hexes          | 4 5 6 |  6.2
Summonings     | 4 5 6 |  6.2
Necromancy     | 4 5 6 |  6.2
Translocations | 4 5 6 |  6.2
Transmutations | 4 5 6 |  6.2
Fire Magic     | 4 5 6 |  6.2
Ice Magic      | 4 5 6 |  6.2
Air Magic      | 4 5 6 |  6.2
Earth Magic    | 4 5 6 |  6.2
Poison Magic   | 4 5 6 |  6.2
Invocations    | 2 5 |  5.0
Evocations     | 2 5 |  5.0
Dodging        | |  2.1
Stealth        | |  1.5

Action                     |  1- 3 |  4- 6 |  7- 9 | 10-12 || total
---------------------------+-------+-------+-------+-------++-------
  Melee: Dagger            |       |     2 |       |       ||     2
         Staff             |       |       |    19 |       ||    19
         War axe           |       |       |       |     8 ||     8
         Whip              |       |       |       |     4 ||     4
   Cast: Magic Dart        |    70 |    73 |   119 |    21 ||   283
         Searing Ray       |     4 |    10 |    45 |     8 ||    67
         Sting             |       |     8 |    21 |       ||    29
         Iskenderun's Myst |       |       |     9 |       ||     9
         Fulminant Prism   |       |       |     2 |     3 ||     5
    Use: Scroll            |       |       |       |     7 ||     7
   Stab: Sleeping          |       |     1 |     1 |       ||     2
 Armour: Robe              |     3 |     7 |    64 |    12 ||    86
         Troll leather arm |       |       |       |     8 ||     8
  Dodge: Dodged            |     6 |    17 |    71 |    19 ||   113

Table legend: (Time is in decaauts)
 A = Elapsed time spent in this place.
 B = Non-inter-level travel time spent in this place.
 C = Inter-level travel time spent in this place.
 D = Time resting spent in this place.
 E = Time spent auto-exploring this place.
 F = Levels seen in this place.
 G = Mean time per level.
                   A        B        C        D        E       F      G
               +--------+--------+--------+--------+--------+-----+--------+
         Total |   9907 |   9059 |    848 |      0 |   7746 |  12 |  825.6 |
       Dungeon |   9905 |   9057 |    848 |      0 |   7746 |  11 |  900.5 |
        Temple |      1 |      1 |      0 |      0 |      0 |   1 |    1.0 |
               +--------+--------+--------+--------+--------+-----+--------+

Top non-repeatable levels by time:
     D:7: 1604 daAuts
     D:4: 1475 daAuts
     D:2: 1237 daAuts
     D:8: 1225 daAuts
     D:5: 1159 daAuts
     D:3: 1000 daAuts
     D:6: 884 daAuts
     D:1: 802 daAuts
    D:11: 358 daAuts
     D:9: 79 daAuts
    D:10: 79 daAuts
  Temple: 1 daAuts

Levels and vault maps discovered:
D:1:      dpeg_arrival_shrine, layout_rooms
D:2:      layout_basic, dk_noncrumbling_4, minmay_between, uniq_natasha
D:3:      layout_loops_cross, basic_ecumenical_altar, minmay_misc_feat_plants,
          minivault_5, minmay_increasing_density
D:4:      layout_basic, overflow_temple_1_default,
          minmay_temple_entry_water_ring, uniq_grinder, uniq_edmund,
          uniq_sigmund
D:5:      layout_basic, mainiacjoe_overflow_swirl,
          gammafunk_temple_overflow_elements
D:6:      layout_basic, mainiacjoe_overflow_tiny_flanked,
          mainiacjoe_overflow_alcove_1
D:7:      layout_basic, mainiacjoe_overflow_boulevard
D:8:      layout_loops_ring, serial_shops, nicolae_shop_overgrown_old_shop,
          uniq_pikel
D:9:      layout_stronghold, lair_entry_dummy, serial_shops, nicolae_shop_trees,
          lightli_minifort, uniq_gastronok
D:10:     layout_loops_ring, david_orc_3, uniq_nergalle, uniq_urug
D:11:     layout_roguey, grunt_ministairs_13, serial_park_tiny_1,
          dreamdust_wishing_well, dancing_weapons_uskayaw
Temple:   zaba_magenta_temple

Table legend: (Time is in decaauts)
 A = Elapsed time spent in this place.
 B = Non-inter-level travel time spent in this place.
 C = Inter-level travel time spent in this place.
 D = Time resting spent in this place.
 E = Time spent auto-exploring this place.
 F = Levels seen in this place.
 G = Mean time per level.
                   A        B        C        D        E       F      G
               +--------+--------+--------+--------+--------+-----+--------+
         Total |   9907 |   9059 |    848 |      0 |   7746 |  12 |  825.6 |
       Dungeon |   9905 |   9057 |    848 |      0 |   7746 |  11 |  900.5 |
        Temple |      1 |      1 |      0 |      0 |      0 |   1 |    1.0 |
               +--------+--------+--------+--------+--------+-----+--------+

Top non-repeatable levels by time:
     D:7: 1604 daAuts
     D:4: 1475 daAuts
     D:2: 1237 daAuts
     D:8: 1225 daAuts
     D:5: 1159 daAuts
     D:3: 1000 daAuts
     D:6: 884 daAuts
     D:1: 802 daAuts
    D:11: 358 daAuts
     D:9: 79 daAuts
    D:10: 79 daAuts
  Temple: 1 daAuts

Table legend:
 A = Kills in this place as a percentage of kills in the entire game.
 B = Kills by you in this place as a percentage of kills by you in the entire game.
 C = Kills by friends in this place as a percentage of kills by friends in the entire game.
 D = Other kills in this place as a percentage of other kills in the entire game.
 E = Experience gained in this place as a percentage of experience gained in the entire game.
 F = Experience gained in this place divided by the number of levels of this place that you have seen.
                   A       B       C       D       E      F
               +-------+-------+-------+-------+-------+----------------------
         Total | 100.0 | 100.0 |   N/A |   N/A | 100.0 | 481.2
       Dungeon | 100.0 | 100.0 |   N/A |   N/A | 100.0 | 524.9
               +-------+-------+-------+-------+-------+----------------------
